 Dungeon Crawl Stone Soup version 0.29-a0-416-g83a48905f1 (webtiles) character file.

Game seed: 10458459578289997627

24678 Bruhh the Fighter (level 13, -6/96 HPs)
             Began as a Djinni Cinder Acolyte on May 15, 2022.
             Was an Initiate of Ignis.
             Mangled by a torpor snail (14 damage)
             ... on level 4 of the Lair of Beasts on May 16, 2022.
             The game lasted 00:30:38 (22075 turns).

Bruhh the Fighter (Djinni Cinder Acolyte)          Turns: 22075, Time: 00:30:39

Health: -6/96      AC:  6    Str: 19    XL:     13   Next: 44%
Gold:   805        EV: 14    Int: 26    God:    Ignis [......] SH: 10 Dex: 10

rFire   + + +      SeeInvis .   B - +6 shillelagh "Devastator" {shatter}
rCold   . . .      Faith    .   J - +0 kite shield
rNeg    . . .      Spirit   .   P - +1 robe {rC+}
rPois   ∞          Reflect  .   K - +0 helmet
rElec   .          Harm     .   Q - scarf {+Inv}
rCorr   .          Rampage  .   L - +0 pair of gloves
Will    +....                   (boots unavailable)
Stlth   +.........              (no amulet)
HPRegen 0.26/turn               H - +6 ring of strength
MPRegen 0.00/turn               m - +6 ring of intelligence

@: flying, slowed, very slow
A: sickness immunity, fire resistance 2, cold vulnerability 1, float, innate
caster, HP casting, extra vitality 1, fangs 1, sturdy frame 1
a: Renounce Religion, Evoke Invisibility


You were on level 4 of the Lair of Beasts.
You worshipped Ignis.
Ignis was noncommittal.
You visited 2 branches of the dungeon, and saw 13 of its levels.

You collected 805 gold pieces.

Inventory:

Hand Weapons
 a - a -1 mace of flaming
 y - a +2 spear of freezing
 B - the +6 shillelagh "Devastator" (weapon) {shatter}
   (You found it on level 5 of the Dungeon)

   It releases a powerful concussive burst when it strikes, dealing extra damage
   to the target and all other foes adjacent to them.
 D - the +4 dagger of No Interval {flame, Dex+6}
   (You found it on level 7 of the Dungeon)

   It burns those it strikes, dealing additional fire damage.
   Dex:       It affects your dexterity (+6).
Missiles
 C - 5 throwing nets
Armour
 b - a +0 robe
 I - a +0 buckler
 J - a +0 kite shield (worn)
 K - a +0 helmet (worn)
 L - a +0 pair of gloves (worn)
 P - a +1 robe of cold resistance (worn)
 Q - a scarf of invisibility (worn)
Jewellery
 f - a +4 ring of evasion
 m - a +6 ring of intelligence (right hand)
 H - a +6 ring of strength (left hand)
 O - a ring of ice
 S - a ring of wizardry
Wands
 v - a wand of charming (9)
 x - a wand of paralysis (12)
 E - a wand of mindburst (12)
 F - a wand of flame (69)
Scrolls
 c - a scroll of blinking
 e - 3 scrolls of amnesia
 g - 2 scrolls of fog
 i - 3 scrolls of magic mapping
 j - a scroll of immolation
 p - 2 scrolls of silence
 q - 2 scrolls of enchant weapon
 r - 3 scrolls of poison
 t - 4 scrolls of identify
 w - 4 scrolls of noise
 z - a scroll of torment
 A - 2 scrolls of vulnerability
 R - a scroll of fear
Potions
 d - a potion of attraction
 h - 2 potions of mutation
 k - 2 potions of might
 l - 5 potions of curing
 n - a potion of cancellation
 o - a potion of brilliance
 s - 2 potions of degeneration
 u - 2 potions of heal wounds
 G - 3 potions of lignification
 M - a potion of flight
 N - a potion of invisibility


   Skills:
 - Level 10.0 Fighting
 - Level 2.4 Maces & Flails
 + Level 8.8 Armour
 - Level 10.0 Dodging
 - Level 10.0 Shields
 + Level 9.5 Spellcasting


You had 11 spell levels left.
You knew the following spells:

 Your Spells              Type           Power      Damage    Failure   Level
a - Scorch                Fire           100%       2d10      1%          2
b - Beastly Appendage     Tmut           100%       N/A       1%          1
c - Searing Ray           Conj           100%       2d8       1%          2
d - Call Canine Familiar  Summ           58%        N/A       1%          3
e - Ozocubu's Armour      Ice            58%        N/A       1%          3
f - Petrify               Tmut/Erth      58%        N/A       1%          4
g - Freezing Cloud        Conj/Ice/Air   29%        6-21      6%          5
Your spell library was empty.

Dungeon Overview and Level Annotations

Branches:
Dungeon (9/15)             Temple (0/1) D:7            Lair (4/6) D:8
 Shoals (0/4) Lair:3
  Snake: Lair:2-4    Spider: Lair:2-4       Orc: D:9-12

Altars:
Ashenzari
Qazlal
Trog
The Shining One

Shops:
D:2 (   D:5 (


Innate Abilities, Weirdness & Mutations

You are immune to sickness and miasma.
You are immune to poison.
Your flesh is very heat resistant. (rF++)
You are vulnerable to cold. (rC-)
You float through the air rather than walking.
You learn spells naturally, not from books.
Your magical power is your life essence.
You have superior vitality. (+4 MHP)
You have very sharp teeth.
Your movements are slightly less encumbered by armour. (ER -2)


Message History

The torpor snail bites you but does no damage.
You hit the yak but do no damage.
The yak is moderately wounded.
The yak gores you! The torpor snail barely misses you.
You block the yak's attack.
You barely miss the yak.
The yak is moderately wounded.
The yak gores you! You block the torpor snail's attack.
The yak barely misses you.
You completely miss the yak.
The yak is moderately wounded.
The torpor snail bites you! The yak closely misses you.
The torpor snail closely misses you. You block the yak's attack.
You barely miss the yak. You bite the yak, but do no damage.
The yak is moderately wounded.
The yak gores you! You block the torpor snail's attack.
The yak closely misses you.
Unknown command.
You are too injured to fight recklessly!
You are too injured to fight recklessly!
You thump the yak!
The yak and the torpor snail shudder.
You kill the yak!
The torpor snail is moderately wounded.
The torpor snail closely misses you. You block the torpor snail's attack.
You hit the torpor snail but do no damage.
The torpor snail is moderately wounded.
The torpor snail bites you!!
* * * LOW HITPOINT WARNING * * *
You hit the torpor snail.
The torpor snail shudders.
The torpor snail is moderately wounded. x2
The torpor snail bites you!
* * * LOW HITPOINT WARNING * * *
Casting: Scorch (safe; 1% risk of failure)
Confirm with . or Enter, or press ? or * to list all spells.
Flames lash the torpor snail.
The torpor snail is moderately wounded.
The torpor snail's fire resistance burns away.
* * * LOW HITPOINT WARNING * * *
The torpor snail bites you!
You die...

### #...
#######P... #
#.#........
#.#..........
#.#...........
###.....w......
#......@.......
...............
...............
...............
...............
...............
.#.............
#.........###.


You could see a torpor snail (combustible).

Vanquished Creatures
  Fannar (Lair:2)
  4 hydras
  Harold (Lair:1)
  A catoblepas (Lair:3)
  Nergalle (Lair:1)
  Sonja (Lair:2)
  Pikel (D:8)
  A black mamba (Lair:2)
  10 cane toads
  A gargoyle (D:7)
  6 komodo dragons
  2 kobold demonologists (D:8)
  4 rime drakes
  A hornet (D:8)
  A polar bear (Lair:3)
  11 blink frogs
  4 wyverns (Lair:3)
  2 shadows
  A vampire (D:9)
  19 yaks
  A basilisk (Lair:2)
  10 water moccasins
  Duvessa (D:4)
  2 ice beasts
  An orc warrior (D:7)
  2 sky beasts (D:8)
  5 black bears
  2 ogres
  5 wolves (Lair:3)
  6 centaurs
  A phantom (D:6)
  12 bullfrogs
  3 kobold brigands
  A necrophage (D:6)
  3 gnoll sergeants
  2 scorpions
  3 wights
  Dowan (D:4)
  A howler monkey (D:5)
  2 jellies
  3 hounds
  4 orc priests
  A gnoll shaman (D:8)
  An iguana (D:5)
  6 orc wizards
  Robin (D:4)
  8 adders
  16 gnolls
  3 white imps
  An ufetubus (D:4)
  3 worms (D:5)
  2 dart slugs
  27 orcs
  4 bats
  3 endoplasms
  3 giant cockroaches
  14 goblins
  12 hobgoblins
  3 jackals (D:3)
  3 quokkas
  6 ball pythons
  2 frilled lizards (D:1)
  28 kobolds
  A rat (D:1)
292 creatures vanquished.

Vanquished Creatures (collateral kills)
  A blink frog (Lair:2)
  A water moccasin (Lair:2)
  A bullfrog (Lair:2)
  3 gnolls (D:6)
  A foxfire (Lair:1)
7 creatures vanquished.

Vanquished Creatures (others)
  122 foxfires
  64 fungi
  168 plants
354 creatures vanquished.

Grand Total: 653 creatures vanquished

Notes
Turn   | Place    | Note
-------+----------+-------------------------------------------
     0 | D:1      | Bruhh the Djinni Cinder Acolyte began the quest for the
                  | Orb.
     0 | D:1      | Reached XP level 1. HP: 20/20 MP: 0/0
   478 | D:1      | Reached XP level 2. HP: 25/25 MP: 0/0
   736 | D:1      | Found a faded altar of an unknown god.
  1275 | D:1      | Reached XP level 3. HP: 28/30 MP: 0/0
  1275 | D:1      | Learned a level 1 spell: Beastly Appendage
  1359 | D:2      | Found Pecw's Weapon Boutique.
  1952 | D:3      | Reached XP level 4. HP: 20/35 MP: 0/0
  2324 | D:3      | Reached XP level 5. HP: 35/40 MP: 0/0
  2324 | D:3      | Learned a level 2 spell: Searing Ray
  2640 | D:3      | Found a broken altar of Ashenzari.
  2835 | D:3      | Reached XP level 6. HP: 43/46 MP: 0/0
  3144 | D:4      | Noticed Dowan
  3150 | D:4      | Noticed Duvessa
  3153 | D:4      | Killed Dowan
  3154 | D:4      | Reached skill level 5 in Spellcasting
  3155 | D:4      | Killed Duvessa
  3156 | D:4      | Reached XP level 7. HP: 25/50 MP: 0/0
  3156 | D:4      | Learned a level 3 spell: Call Canine Familiar
  3573 | D:4      | Noticed Robin
  3613 | D:4      | Killed Robin
  4366 | D:5      | Entered Level 5 of the Dungeon
  4366 | D:5      | Found Raqi's Hydra Hut.
  4367 | D:5      | Noticed a five-headed hydra
  5377 | D:5      | Reached XP level 8. HP: 50/58 MP: 0/0
  5500 | D:5      | Found the +6 shillelagh "Devastator" {shatter}
  5929 | D:6      | Reached skill level 5 in Fighting
  6914 | D:6      | Reached XP level 9. HP: 66/68 MP: 0/0
  6914 | D:6      | Learned a level 3 spell: Ozocubu's Armour
  7025 | D:7      | Found a staircase to the Ecumenical Temple.
  7280 | D:7      | Found a stormy altar of Qazlal.
  7419 | D:7      | Identified the +4 dagger of No Interval {flame, Dex+6}
  7713 | D:7      | Noticed a gargoyle
  7993 | D:6      | Gained mutation: You are dopey. (Int -2) [potion of
                  | mutation]
  7993 | D:6      | Gained mutation: Your spells are a little easier to cast,
                  | but a little less powerful. [potion of mutation]
  7993 | D:6      | Gained mutation: Your body sometimes deteriorates upon
                  | taking damage. [potion of mutation]
  7994 | D:6      | Lost mutation: You are dopey. (Int -2) [potion of mutation]
  7994 | D:6      | Lost mutation: Your body sometimes deteriorates upon taking
                  | damage. [potion of mutation]
  7994 | D:6      | Lost mutation: Your spells are a little easier to cast, but
                  | a little less powerful. [potion of mutation]
  7994 | D:6      | Gained mutation: You have hidden genetic potential. [potion
                  | of mutation]
  9146 | D:7      | Killed a gargoyle
  9434 | D:8      | Noticed a kobold demonologist
  9435 | D:8      | Noticed a kobold demonologist
  9449 | D:8      | Killed a kobold demonologist
  9449 | D:8      | Killed a kobold demonologist
  9450 | D:8      | Reached skill level 10 in Fighting
  9550 | D:8      | Noticed a hornet
  9853 | D:8      | Found a glowing golden altar of the Shining One.
  9875 | D:8      | Reached XP level 10. HP: 74/80 MP: 0/0
  9931 | D:8      | Reached skill level 5 in Dodging
 10000 | D:8      | Noticed a komodo dragon
 10036 | D:7      | Gained mutation: You have very sharp teeth. [hidden
                  | potential]
 10313 | D:8      | Killed a komodo dragon
 10502 | D:8      | Noticed Pikel
 10507 | D:8      | Killed Pikel
 11033 | D:8      | Found a staircase to the Lair.
 11626 | D:9      | Noticed a kobold demonologist
 11626 | D:9      | Noticed a kobold demonologist
 11945 | D:9      | Reached skill level 10 in Dodging
 11945 | D:9      | Reached skill level 1 in Shields
 12038 | D:9      | Found a bloodstained altar of Trog.
 12255 | D:8      | Reached XP level 11. HP: 12/85 MP: 0/0
 12255 | D:8      | Learned a level 4 spell: Petrify
 13345 | Lair:1   | Entered Level 1 of the Lair of Beasts
 13373 | Lair:1   | Reached skill level 5 in Shields
 14768 | Lair:1   | Noticed Nergalle
 14777 | Lair:1   | Killed Nergalle
 15095 | Lair:1   | Noticed Harold
 15110 | Lair:1   | Killed Harold
 15477 | Lair:1   | Reached skill level 10 in Shields
 15477 | Lair:1   | Reached XP level 12. HP: 31/91 MP: 0/0
 15479 | Lair:1   | Reached skill level 1 in Armour
 15841 | Lair:1   | Gained mutation: Your movements are slightly less
                  | encumbered by armour. (ER -2) [hidden potential]
 15841 | Lair:1   | Lost mutation: You have hidden genetic potential. [hidden
                  | potential expressed]
 16551 | Lair:2   | Noticed Sonja
 16555 | Lair:2   | Killed Sonja
 16555 | Lair:2   | Noticed a five-headed hydra
 16563 | Lair:2   | Killed a five-headed hydra
 17212 | Lair:2   | Reached skill level 5 in Armour
 17829 | Lair:2   | Noticed Fannar
 19216 | Lair:2   | Killed Fannar
 19477 | Lair:3   | Noticed a seven-headed hydra
 19478 | Lair:3   | Noticed a four-headed hydra
 19730 | Lair:3   | Noticed a seven-headed hydra
 19737 | Lair:3   | Killed a seven-headed hydra
 19738 | Lair:3   | Reached XP level 13. HP: 23/96 MP: 0/0
 19738 | Lair:3   | Learned a level 5 spell: Freezing Cloud
 19824 | Lair:3   | Killed a four-headed hydra
 20147 | Lair:3   | Noticed a catoblepas
 20162 | Lair:3   | Killed a catoblepas
 20370 | Lair:3   | Killed a seven-headed hydra
 20543 | Lair:3   | Found a staircase to the Shoals.
 22075 | Lair:4   | Mangled by a torpor snail

Illustrated notes

Levels and vault maps discovered:
D:1:      erik_arrival_orb_chamber, layout_basic, serial_corexii_hall,
          chequers_hall_statues_wall_a, chequers_hall_statues_y,
          shapermc_ecumenical_altar_pompeii
D:2:      layout_basic, serial_shops, shop
D:3:      layout_rooms, mainiacjoe_overflow_surrounded_room
D:4:      layout_loops_ring, minmay_misc_feat_tower, minmay_diced_spiral,
          uniq_duvessa, uniq_robin
D:5:      layout_basic, doesnt_shop_hydraphobe
D:6:      layout_cave_pods
D:7:      layout_loops_ring, lemuel_tele_altar, minmay_temple_entry_hall,
          hangedman_abyss_or_decor_jellyfish_corner
D:8:      kennysheep_housing_project, layout_loops_ring, general_overflow_altar,
          due_lair_maze_entry_diamond, uniq_pikel
D:9:      layout_roguey, mainiacjoe_overflow_cross_hatched, old_standard_altar
Lair:1:   layout_regular_city, beast_lair_carwin_10, grunt_megastairs_5,
          infiniplex_staircase_pool, uniq_harold, uniq_nergalle
Lair:2:   layout_regular_city, portal_ice_cave_entry_ice_simulacra,
          serial_bayou_shore_a, uniq_sonja, uniq_fannar
Lair:3:   layout_cave_pods, minmay_shoals_entry_centaurs,
          minmay_shattered_shrine, serial_bayou_shore_b, lemuel_fruit_tree
Lair:4:   layout_cave_pods, minmay_snake_entry_six_corridors

Skill      XL: |  1  2  3  4  5  6  7  8  9 10 11 12 13 |
---------------+----------------------------------------+-----
Spellcasting   | 3 4 5 6 8 9 |  9.5
Fighting       | 4 7 10 | 10.0
Dodging        | 4 10 | 10.0
Shields        | 2 10 | 10.0
Armour         | 6 8 |  8.8
Maces & Flails | |  2.4

Action                   |  1- 3 |  4- 6 |  7- 9 | 10-12 | 13-15 || total
-------------------------+-------+-------+-------+-------+-------++-------
Melee: Mace              |    31 |     3 |     1 |       |       ||    35
       Spear             |       |       |    38 |       |       ||    38
       Shillelagh        |       |       |    52 |   146 |    35 ||   233
       Punch             |       |       |     2 |     1 |       ||     3
       Bite              |       |       |       |    16 |     6 ||    22
Throw: Throwing net      |       |       |       |     1 |       ||     1
 Cast: Scorch            |    26 |    44 |    96 |   216 |    36 ||   418
       Call Canine Famil |       |       |     5 |     5 |       ||    10
       Searing Ray       |       |       |     1 |     1 |     1 ||     3
       Ozocubu's Armour  |       |       |       |     1 |       ||     1
       Freezing Cloud    |       |       |       |       |     7 ||     7
Invok: Foxfire Swarm     |       |     1 |     1 |     2 |     2 ||     6
       Fiery Armour      |       |       |     1 |     2 |       ||     3
       Rising Flame      |       |       |       |     1 |       ||     1
Evoke: Wand              |       |       |       |     4 |     4 ||     8
  Use: Potion            |       |       |     5 |     6 |     2 ||    13
       Scroll            |       |       |    13 |    10 |       ||    23
 Stab: Petrified         |       |       |       |       |     2 ||     2
Armor: Robe              |    11 |       |    19 |    44 |    15 ||    89
Dodge: Dodged            |    37 |    17 |    80 |   256 |    44 ||   434
Block: Buckler           |       |       |       |     5 |       ||     5
       Kite shield       |       |       |       |   134 |    38 ||   172

Table legend: (Time is in decaauts)
 A = Elapsed time spent in this place.
 B = Non-inter-level travel time spent in this place.
 C = Inter-level travel time spent in this place.
 D = Time resting spent in this place.
 E = Time spent auto-exploring this place.
 F = Levels seen in this place.
 G = Mean time per level.
                   A        B        C        D        E       F      G
               +--------+--------+--------+--------+--------+-----+--------+
         Total |  22168 |  21857 |    311 |   4403 |  14919 |  13 | 1705.2 |
       Dungeon |  14637 |  14374 |    263 |   3273 |   9396 |   9 | 1626.3 |
          Lair |   7530 |   7482 |     48 |   1130 |   5523 |   4 | 1882.5 |
               +--------+--------+--------+--------+--------+-----+--------+

Top non-repeatable levels by time:
     D:8: 3939 daAuts
  Lair:1: 2862 daAuts
  Lair:3: 2538 daAuts
     D:7: 2437 daAuts
  Lair:2: 2105 daAuts
     D:6: 2042 daAuts
     D:5: 1403 daAuts
     D:1: 1331 daAuts
     D:4: 1289 daAuts
     D:3: 876 daAuts
     D:2: 876 daAuts
     D:9: 439 daAuts
  Lair:4: 24 daAuts
